 Dungeon Crawl Stone Soup version 0.17-a0-484-g0e03f6a (webtiles) character file.

59 Ololoev the Grave Robber (level 3, 0/28 HPs)
             Began as a Demigod Wanderer on Apr 10, 2015.
             Slain by a goblin (2 damage)
             ... led by Robin
             ... on level 2 of the Dungeon.
             The game lasted 00:03:35 (1231 turns).

Ololoev the Grave Robber (Demigod Wanderer)         Turns: 1231, Time: 00:03:36

Health: 0/28       AC:  6    Str: 15      XL:     3   Next: 54%
Magic:  6/6        EV: 11    Int: 16 (18) God:
Gold:   64         SH:  0    Dex: 15      Spells: 0 memorised, 4 levels left

rFire  . . .     SeeInvis .     a - +2 mace
rCold  . . .     Clarity  .     b - +0 ring mail
rNeg   . . .     SustAb   +     (no shield)
rPois  .         Gourm    .     (no helmet)
rElec  .         Spirit   .     (no cloak)
rCorr  .         Warding  .     i - +0 pair of gloves
rMut   .         Stasis   .     (no boots)
MR     .....                    (no amulet)
Stlth  +.........               (no ring)
                                n - ring of wizardry

@: not resistant to hostile enchantments, very unstealthy
A: high mp 1, sustain abilities
a: no special abilities


Innate Abilities, Weirdness & Mutations

You have an increased reservoir of magic (+10% MP).
Your attributes are resistant to harm.

Inventory:

Hand weapons
 a - a +2 mace (weapon)
Armour
 b - a +0 ring mail (worn)
 i - a +0 pair of gloves (worn)
Jewellery
 n - a ring of wizardry (left hand)
Scrolls
 c - 2 scrolls of teleportation
 f - 2 scrolls of identify {unknown}
 h - a scroll of magic mapping {unknown}
 k - a scroll of enchant armour {unknown}
Potions
 e - a potion of restore abilities
Comestibles
 d - 2 bread rations
 j - a meat ration
 l - 3 chunks of flesh


   Skills:
 - Level 1.0 Fighting
 * Level 2.2 Maces & Flails
 - Level 1.0 Throwing
 + Level 1.9 Armour
 + Level 1.5 Dodging
   Level 1.0 Shields
 - Level 1.0 Spellcasting
   Level 1.0 Hexes
   Level 2.6 Necromancy


You had 4 spell levels left.
You didn't know any spells.


You were on level 2 of the Dungeon.
You were not hungry.

You visited 1 branch of the dungeon, and saw 2 of its levels.

You collected 64 gold pieces.

#.##.# #.#
#.##.# #.#
#.##g# #.#
..##.# #.#
#####.#
####.## #g#
#.....#
#.##### #(#
#.###.#
.....[..###.#
#.# #.#
#......@g..#
#.###.#
######g#####
#.)...# #.
###.### #.
#.# #. #.# #.
#.# .. #.# ..
#.# . #.#

Notes
Turn   | Place    | Note
--------------------------------------------------------------
     0 | D:1      | Ololoev, the Demigod Wanderer, began the quest for the Orb.
     0 | D:1      | Ololoev set off with: a +2 mace, a +0 ring mail, a scroll of teleportation, a bread ration
     0 | D:1      | Reached XP level 1. HP: 16/16 MP: 4/4
   384 | D:1      | Reached XP level 2. HP: 15/23 MP: 5/5
   958 | D:1      | Reached skill level 1 in Dodging
  1035 | D:2      | Reached XP level 3. HP: 26/28 MP: 6/6
  1172 | D:2      | Noticed Robin
  1231 | D:2      | Slain by a goblin

Dungeon Overview and Level Annotations

Branches:
Dungeon (2/15)

Annotations:
D:2 Robin


Message History

The goblin is moderately wounded.
The goblin closely misses you.
You closely miss the goblin.
The goblin is moderately wounded.
The goblin misses you. The goblin hits you.
You hit the goblin.
You kill the goblin!
The goblin barely misses you.
Robin says, "Feeling lonely?"
You see here a stone.
Found a robe.
You hit the goblin.
The goblin is moderately wounded.
The goblin barely misses you. The goblin hits you but does no damage.
You barely miss the goblin.
The goblin is moderately wounded.
Robin throws the goblin at you! The goblin closely misses you.
The goblin hits you but does no damage.
Drink which item? (? for menu, Esc to quit)
It was a potion of restore abilities.
You feel refreshed. The goblin closely misses you. The goblin misses you.
Drink which item? (? for menu, Esc to quit)
It was a potion of cancellation.
You feel magically purged.
Robin roars a battlecry!
The goblins go into a battle-frenzy!
The goblin barely misses you. The goblin misses you.
Drink which item? (? for menu, Esc to quit)
It was a potion of degeneration.
There was something very wrong with that liquid.
You feel somewhat dopey. Robin throws the goblin at you! The goblin hits you.
The goblin hits you but does no damage.
You hit the goblin.
The goblin is almost dead.
The goblin closely misses you. x2
Robin closely misses you.
You sock the goblin!
You kill the goblin!
The goblin hits you.
You die...

You could see Robin and a goblin (frenzied).

Vanquished Creatures
  An adder (D:2)
  3 giant geckos (D:1)
  2 ball pythons
  3 giant cockroaches
  6 hobgoblins
  3 kobolds
  A quokka (D:2)
  6 bats
  2 giant newts (D:1)
  11 goblins
  4 rats (D:1)
42 creatures vanquished.

Action                   || total
-------------------------++-------
Melee: Mace              ||   139
  Use: Potion            ||     3
  Eat: Chunk             ||     1

Vault maps used:
D:1:      eino_arrival_water_cross, minivault_25, minmay_ruptured
D:2:      uniq_robin
